 Dungeon Crawl Stone Soup version 0.16-a0-2702-gfff482a (webtiles) character file.

126 PolkaDot the Caller (level 4, -4/33 HPs)
             Began as a Vampire Summoner on Nov 25, 2014.
             Killed by divine providence
             ... invoked by an orc priest
              (13 damage)
             ... on level 3 of the Dungeon.
             The game lasted 00:05:50 (2258 turns).

PolkaDot the Caller (Vampire Summoner)              Turns: 2258, Time: 00:05:50

Health: -4/33      AC:  2    Str:  7    XL:     4   Next: 84%
Magic:  7/7        EV: 13    Int: 18    God:
Gold:   113        SH:  0    Dex: 14    Spells: 3 memorised, 1 level left

rFire  + . .     SeeInvis +     h - +1 short sword (venom)
rCold  + . .     Clarity  .     a - +0 robe
rNeg   . . .     SustAb   .     (no shield)
rPois  +         Gourm    .     (no helmet)
rElec  +         Spirit   .     (no cloak)
rCorr  +         Warding  .     (no gloves)
rMut   .         Stasis   .     (no boots)
MR     .....                    (no amulet)
Stlth  ++........               (no ring)
                                (no ring)

@: resistant, regenerating very quickly, not resistant to hostile enchantments,
unstealthy
A: bottle blood, fangs 3, see invisible, unbreathing
a: no special abilities


You were on level 3 of the Dungeon.
You were almost alive.

You visited 1 branch of the dungeon, and saw 3 of its levels.

You collected 113 gold pieces.

Inventory:

Hand weapons
 h - a +1 short sword of venom (weapon)
Armour
 a - a +0 robe (worn)
Jewellery
 k - an uncursed amulet of clarity {unknown}
Scrolls
 e - a scroll of fog {unknown}
 f - a scroll of enchant weapon {unknown}
 g - 2 scrolls of random uselessness {unknown}
 j - a scroll of fear {unknown}
Potions
 c - a potion of restore abilities
 d - 5 potions of blood {@*1}
Books
 b - a book of Callings

   Spells                             Type                      Level
   *Summon Small Mammal               Summoning                    1
   *Call Imp                          Summoning                    2
   *Call Canine Familiar              Summoning                    3
   Summon Guardian Golem              Hexes/Summoning              4
   Summon Lightning Spire             Summoning/Air                4
   Summon Ice Beast                   Ice/Summoning                4


   Skills:
 * Level 2.0 Fighting
 * Level 3.4 Dodging
 - Level 3.0 Stealth
 - Level 2.0 Spellcasting
 + Level 5.1 Summonings


You had one spell level left.
You knew the following spells:

 Your Spells              Type           Power        Failure   Level  Hunger
a - Summon Small Mammal   Summ           ###.         1%          1    #......
d - Call Canine Familiar  Summ           ###.....     10%         3    ###....
s - Call Imp              Summ           ###.....     3%          2    ###....


Dungeon Overview and Level Annotations

Branches:
Dungeon (3/15)

Altars:
Ashenzari
Nemelex Xobeh


Innate Abilities, Weirdness & Mutations

Your natural rate of healing is extremely fast.
You can bottle blood from corpses.
You have razor-sharp teeth.
You have supernaturally acute eyesight.
You can survive without breathing.


Message History

You hit the orc wizard but do no damage.
The orc wizard is poisoned.
The orc wizard points at you and mumbles some strange words.
The magic dart hits you!
You closely miss the orc wizard.
The orc priest calls down the wrath of Beogh upon you.
Something smites you!
* * * LOW HITPOINT WARNING * * *
The orc wizard hits you but does no damage.
Drink which item? (? for menu, Esc to quit)
You feel refreshed.
It was a potion of restore abilities.
The orc priest's eyes start to glow.
The orc wizard hits you with a dagger.
* * * LOW HITPOINT WARNING * * *
Drink which item? (? for menu, Esc to quit)
You feel protected.
It was a potion of resistance.
The orc wizard misses you.
The orc priest mumbles some strange prayers to Beogh against you.
Something smites you!
You die...

..# ##(#... ..# ...
.##.....# #.. ..
##........## #.. ..
....###.)..# #.
.##.......<...####.
#..................
#########.#.##..##.........
#.ogo.ooo......# #####.#.?_
..########@#.### ##.......
#.#.######..##.##.
#.#.##>....###.##.
####.#.#..##### #.##.
#........## #....
########## ##... #.>. #...
#...


You could see an orc priest, an orc wizard, 3 orcs and a hobgoblin.

Vanquished Creatures
  Ijyb (D:2)
  5 adders (D:2)
  3 giant geckos (D:2)
  An ooze (D:1)
  An orc (D:3)
  2 ball pythons
  6 bats
  2 giant cockroaches
  12 goblins
  8 hobgoblins
  5 jackals (D:2)
  2 giant newts
  6 kobolds
  4 rats
58 creatures vanquished.

Vanquished Creatures (collateral kills)
  4 goblins
4 creatures vanquished.

Grand Total: 62 creatures vanquished

Notes
Turn   | Place    | Note
--------------------------------------------------------------
     0 | D:1      | PolkaDot, the Vampire Summoner, began the quest for the Orb.
     0 | D:1      | Reached XP level 1. HP: 13/13 MP: 3/3
   389 | D:1      | Reached XP level 2. HP: 8/19 MP: 4/4
  1067 | D:1      | Learned a level 2 spell: Call Imp
  1309 | D:2      | Reached XP level 3. HP: 8/24 MP: 6/6
  1406 | D:2      | Found a shattered altar of Ashenzari.
  1426 | D:2      | Reached skill level 1 in Fighting
  1599 | D:2      | Reached XP level 4. HP: 29/32 MP: 7/7
  1616 | D:2      | Noticed Ijyb
  1638 | D:2      | Killed Ijyb
  1855 | D:2      | Reached skill level 5 in Summonings
  2153 | D:2      | Learned a level 3 spell: Call Canine Familiar
  2178 | D:3      | Found a sparkling altar of Nemelex Xobeh.
  2258 | D:3      | Killed from afar by an orc priest

Action                   |  1- 3 |  4- 6 || total
-------------------------+-------+-------++-------
Melee: Unarmed           |    56 |       ||    56
       Dagger            |    73 |       ||    73
       Short sword       |    15 |    52 ||    67
 Cast: Summon Small Mamm |     6 |       ||     6
       Call Imp          |     3 |     3 ||     6
  Use: Potion            |     3 |     6 ||     9
 Stab: Sleeping          |     2 |       ||     2
  Eat: Corpse            |    11 |       ||    11
